 Dungeon Crawl Stone Soup version 0.30-a0-883-g5ad918d77d (webtiles) character file.

Game seed: 16074284650588620691

6165 Jeffwins the Arsonist (level 11, 0/63 (72) HPs)
             Began as a Human Wanderer on Mar 16, 2023.
             Was an Initiate of Vehumet.
             Slain by a slime creature (18 damage)
             ... on level 8 of the Dungeon.
             The game lasted 00:14:45 (11396 turns).

Jeffwins the Arsonist (Human Wanderer)             Turns: 11396, Time: 00:14:46

HP:   0/63 (72)     AC:  4    Str:  9 (12) XL:     11   Next: 13%
MP:   6/21          EV: 15    Int: 16 (18) God:    Vehumet [......]
Gold: 505           SH:  0    Dex:  9 (12) Spells: 21/24 levels left

rFire   . . .      SeeInvis .    b - +2 whip (venom)
rCold   . . .      Faith    .    (no shield)
rNeg    . . .      Spirit   .    j - +1 leather armour {Will+}
rPois   +          Reflect  .    u - +0 helmet
rElec   .          Rampage  .    h - +0 cloak
rCorr   .                        (no gloves)
Will    +....                    (no boots)
Stlth   ++                       g - amulet of regeneration
HPRegen 1.10/turn                P - ring of poison resistance
MPRegen 0.17/turn                E - +5 ring of evasion

@: heavily drained, unable to read
A: deformed body, inability to read after injury 1, MP-powered wands
a: Renounce Religion


You were on level 8 of the Dungeon.
You worshipped Vehumet.
Vehumet was noncommittal.
You visited 2 branches of the dungeon, and saw 9 of its levels.

You collected 505 gold pieces.


Innate Abilities, Weirdness & Mutations

Armour fits poorly on your strangely shaped body.
You occasionally lose the ability to read scrolls when taking damage.
You expend magic power (3 MP) to strengthen your wands.


   Skills:
 - Level 2.0 Fighting
 - Level 2.0 Maces & Flails
 + Level 5.0 Throwing
 - Level 1.0 Armour
 - Level 5.0 Stealth
 + Level 7.0 Spellcasting
 - Level 6.0 Conjurations
 - Level 10.0 Fire Magic
 + Level 5.0 Evocations


You had 21 spell levels left.
You knew the following spells:

 Your Spells              Type           Power      Damage    Failure   Level
x - Scorch                Fire           74%        2d8       1%          2
z - Foxfire               Conj/Fire      100%       2x1d9     1%          1

Your spell library contained the following spells:

 Spells                   Type           Power      Damage    Failure   Level
 Ensorcelled Hibernation  Hex/Ice        10%        N/A       26%         2
 Wereblood                Tmut           5%         N/A       26%         2
 Portal Projectile        Hex/Tloc       10%        N/A       45%         3
 Spider Form              Tmut/Pois      5%         N/A       45%         3
 Anguish                  Hex/Necr       2%         N/A       86%         4

Inventory:

Hand Weapons
 a - a +2 whip of electrocution
 b - a +2 whip of venom (weapon)
 q - a +0 flail of protection
 z - a +2 spear of venom
 F - a +1 heavy sling
Missiles
 s - 18 poisoned darts (quivered)
 x - 2 throwing nets {=f}
Armour
 h - a +0 cloak (worn)
 j - a +1 leather armour of willpower (worn)
 u - a +0 helmet (worn)
 v - the +1 ring mail of Ujiala {rF+ Int-3 Slay+5}
   (You found it on level 5 of the Dungeon)

   Int:       It affects your intelligence (-3).
   Slay:      It affects your accuracy & damage with ranged weapons and melee
   (+5).
   rF:        It protects you from fire.
Jewellery
 c - a ring of ice
 g - an amulet of regeneration (around neck)
 C - a ring of protection from cold
 D - an amulet of the acrobat
 E - a +5 ring of evasion (right hand)
 P - a ring of poison resistance (left hand)
 R - a ring of resist corrosion
 X - a +6 ring of dexterity
 Z - a ring of wizardry
Wands
 m - a wand of flame (17)
 y - a wand of polymorph (6)
 H - a wand of paralysis (3)
 J - a wand of digging (7)
Scrolls
 f - a scroll of identify {@r1}
 i - 2 scrolls of fog
 l - a scroll of magic mapping
 n - a scroll of immolation {!r}
 r - 7 scrolls of teleportation {@r4}
 A - a scroll of butterflies
 B - a scroll of amnesia
 I - a scroll of torment {!r}
Potions
 k - 2 potions of mutation {!q}
 o - 5 potions of curing {@q1}
 p - a potion of haste {@q3}
 t - 2 potions of degeneration {!q}
Miscellaneous
 d - a piece from Xom's chessboard (8/15)

Dungeon Overview and Level Annotations

Branches:
Dungeon (8/15)             Temple (1/1) D:6
   Lair: D:8-11

Altars:
Cheibriados
Elyvilon
Fedhas
Gozag
Hepliaklqana
Kikubaaqudgha
Makhleb
Nemelex Xobeh
Qazlal
Ru
Sif Muna
Trog
Uskayaw
Vehumet
Wu Jian
Xom
Yredelemnul
Zin
The Shining One

#.# ## ######### #.#####
#.......# #.....## #.#####.#
#).....## #####.# #.#
#####)##.... #...#.# #.#
####.....###.## #...#.# #.#
#............#
####...#.#####.####.##.#########
................@Jz.........#
####......#########..#.####.#####
#####.....#########..#.####.#....
.................................
.#######.#.....###.###.#####.....
.#######.......#.........# #.....
.........#..........##.#.# #.....
.#..▒▒▒...........#.#..#.###...##
.#.▒..▒▒▒....###.##........###.#


You could see a slime creature (combustible) and a wight (combustible).


Message History

The slime creature hits you!
* * * LOW HITPOINT WARNING * * *
Unknown command.
Casting: Scorch (safe; 1% risk of failure)
Confirm with . or Enter, or press ? or * to list all spells.
Flames lash the wight.
The wight is severely damaged.
The wight's fire resistance burns away.
The slime creature hits you!
You feel threatened and lose the ability to read scrolls!
* * * LOW HITPOINT WARNING * * *
The slime creature jiggles.
The slime creature misses you.
Casting: Scorch (safe; 1% risk of failure)
Confirm with . or Enter, or press ? or * to list all spells.
Flames lash the wight.
The wight is burned terribly!
You destroy the wight!
Vehumet accepts your kill.
You can read scrolls again.
The wight is no longer more vulnerable to fire.
The slime creature closely misses you.
Your Throwing skill increases to level 5!
Your Evocations skill increases to level 5!
The slime creature hits you but does no damage.
Casting: Scorch (safe; 1% risk of failure)
Confirm with . or Enter, or press ? or * to list all spells.
Flames lash the wight.
The wight is heavily damaged.
The wight's fire resistance burns away.
The slime creature hits you!!
You feel threatened and lose the ability to read scrolls!
You die...

Skill      XL: |  1  2  3  4  5  6  7  8  9 10 11 |
---------------+----------------------------------+-----
Conjurations   | 1 3 4 5 6 |  6.0
Fire Magic     | 1 3 4 5 7 9 10 | 10.0
Stealth        | 2 3 4 5 |  5.0
Spellcasting   | 4 5 7 |  7.0
Throwing       | 2 4 5 |  5.0
Evocations     | 2 4 5 |  5.0
Fighting       | |  2.0
Maces & Flails | |  2.0
Armour         | |  1.0

Action                     |  1- 3 |  4- 6 |  7- 9 | 10-12 || total
---------------------------+-------+-------+-------+-------++-------
  Melee: Mace              |   117 |    48 |       |       ||   165
         Punch             |     1 |       |     2 |       ||     3
         Whip              |       |       |   144 |    60 ||   204
         Flail             |       |       |     7 |       ||     7
  Throw: Dart              |       |       |       |    12 ||    12
   Cast: Foxfire           |       |    54 |   259 |    13 ||   326
         Scorch            |       |       |    19 |   156 ||   175
  Evoke: Piece from Xom's  |       |       |       |     7 ||     7
         Wand              |       |       |       |     2 ||     2
    Use: Potion            |       |     1 |     3 |     4 ||     8
         Scroll            |       |       |       |    13 ||    13
   Stab: Sleeping          |       |       |     4 |       ||     4
         Paralysed         |       |       |       |     6 ||     6
 Armour: Scale mail        |   106 |    29 |       |       ||   135
         Leather armour    |       |     4 |    21 |    48 ||    73
         Skin              |       |       |       |    42 ||    42
  Dodge: Dodged            |    76 |    36 |   139 |   200 ||   451

Levels and vault maps discovered:
D:1:      minmay_arrival_three_doors, layout_loops_corners, serial_rivers,
          chequers_serial_rivers_micro_d, chequers_serial_rivers_micro_b,
          chequers_serial_rivers_small_a, chequers_serial_rivers_room_a,
          hellmonk_ecumenical_altar_crossroads, minmay_liquid_box, st_stairs_4
D:2:      layout_rooms, uniq_crazy_yiuf_cottage, uniq_sigmund
D:3:      layout_basic, nicolae_ru_awakened_eye, uniq_grinder, uniq_terence
D:4:      layout_loops_ring
D:5:      lemuel_castle_with_subvaults [lemuel_castle_interior_carwin_1],
          layout_layer_cave, grunt_temple_overflow_order_and_chaos_2,
          kennysheep_orc_sif_temple, uniq_blork_the_orc, uniq_pikel
D:6:      layout_basic, elyvilon_altar_1, lemuel_coloured_pillars_altar,
          xom_butterflies, mainiacjoe_overflow_cross_hatched,
          minmay_temple_entry_stoned_glass, kennysheep_generic_room_3,
          uniq_menkaure, uniq_eustachio
D:7:      layout_basic, nemelex_diamond_rough_becter,
          mainiacjoe_overflow_alcove_4
D:8:      minmay_the_grid_triangle_9x9_rhombus_thin
          [minmay_the_grid_triangle_9x9_sprig,
          minmay_the_grid_triangle_9x9_prize_schism,
          minmay_the_grid_triangle_9x9_corruption,
          minmay_the_grid_triangle_9x9_zippers_horizontal], layout_basic,
          kennysheep_mini, grunt_decor_mini_mirrors
Temple:   hellmonk_temple_beads

Notes
Turn   | Place    | Note
-------+----------+-------------------------------------------
     0 | D:1      | Jeffwins the Human Wanderer began the quest for the Orb.
     0 | D:1      | Jeffwins set off with the following items: a +0 mace, a +0
                  | scale mail, a scroll of teleportation {@r4}; and the
                  | following spell memorised: Foxfire; and the following
                  | spells available to memorise: Scorch, Wereblood, Portal
                  | Projectile.
     0 | D:1      | Reached XP level 1. HP: 16/16 MP: 4/4
    17 | D:1      | Found a faded altar of an unknown god.
   214 | D:1      | Reached XP level 2. HP: 14/22 MP: 6/6
   285 | D:1      | Reached skill level 1 in Conjurations
   285 | D:1      | Reached skill level 1 in Fire Magic
   453 | D:1      | Reached XP level 3. HP: 21/27 MP: 7/7
  1164 | D:2      | Reached XP level 4. HP: 33/33 MP: 8/8
  1307 | D:2      | Noticed Sigmund
  1323 | D:2      | Killed Sigmund
  1324 | D:2      | Reached skill level 2 in Stealth
  1324 | D:2      | Reached skill level 3 in Conjurations
  1324 | D:2      | Reached skill level 3 in Fire Magic
  1324 | D:2      | Reached XP level 5. HP: 37/38 MP: 0/10
  1324 | D:2      | Reached XP level 6. HP: 42/44 MP: 0/11
  1572 | D:2      | Found a runed translucent door.
  1573 | D:2      | Noticed Crazy Yiuf
  1734 | D:2      | Killed Crazy Yiuf
  1788 | D:3      | Found a sacrificial altar of Ru.
  1822 | D:3      | Noticed Terence
  1837 | D:3      | Killed Terence
  2223 | D:3      | Noticed Grinder
  2235 | D:3      | Killed Grinder
  2236 | D:3      | Reached skill level 3 in Stealth
  2236 | D:3      | Reached skill level 4 in Spellcasting
  2236 | D:3      | Reached skill level 4 in Conjurations
  2236 | D:3      | Reached skill level 4 in Fire Magic
  2236 | D:3      | Reached XP level 7. HP: 49/50 MP: 1/13
  4156 | D:5      | Entered Level 5 of the Dungeon
  4162 | D:5      | Reached XP level 8. HP: 56/56 MP: 8/14
  4217 | D:5      | Noticed Blork the orc
  4224 | D:5      | Killed Blork the orc
  4236 | D:5      | Identified the +1 ring mail of Ujiala {rF+ Int-3 Slay+5}
  4384 | D:5      | Reached skill level 5 in Conjurations
  4384 | D:5      | Reached skill level 5 in Fire Magic
  4503 | D:5      | Noticed Pikel
  4531 | D:5      | Killed Pikel
  4532 | D:5      | Reached skill level 4 in Stealth
  4532 | D:5      | Reached XP level 9. HP: 37/61 MP: 4/16
  4666 | D:5      | Reached skill level 6 in Fire Magic
  4674 | D:5      | Reached skill level 6 in Conjurations
  4736 | D:5      | Reached skill level 5 in Spellcasting
  4921 | D:5      | Reached skill level 5 in Stealth
  4979 | D:5      | Learned a level 2 spell: Scorch
  5433 | D:5      | Reached skill level 1 in Throwing
  5433 | D:5      | Reached skill level 7 in Fire Magic
  5437 | D:5      | Reached skill level 1 in Evocations
  5856 | D:5      | Found a burning altar of Makhleb.
  5859 | D:5      | Noticed a cacodemon
  5862 | D:5      | Found a glowing silver altar of Zin.
  5862 | D:5      | Noticed an angel
  6262 | D:5      | Found a shimmering blue altar of Sif Muna.
  6865 | D:6      | Noticed Menkaure
  6901 | D:5      | Reached skill level 2 in Throwing
  6951 | D:5      | Reached skill level 2 in Evocations
  7070 | D:6      | Killed Menkaure
  7071 | D:6      | Reached XP level 10. HP: 41/67 MP: 13/18
  7148 | D:6      | Found a shimmering altar of Xom.
  7156 | D:6      | Reached skill level 8 in Fire Magic
  7279 | D:6      | Found a hazy altar of Hepliaklqana.
  7521 | D:6      | Reached skill level 3 in Throwing
  7521 | D:6      | Reached skill level 6 in Spellcasting
  7525 | D:6      | Reached skill level 3 in Evocations
  7586 | D:6      | Noticed Eustachio
  7623 | D:6      | Killed Eustachio
  7840 | D:6      | Found a staircase to the Ecumenical Temple.
  7855 | Temple   | Entered the Ecumenical Temple
  8050 | D:6      | Found a white marble altar of Elyvilon.
  8144 | D:6      | Found a glowing golden altar of the Shining One.
  8945 | D:7      | Reached skill level 9 in Fire Magic
  9048 | D:7      | Reached skill level 4 in Throwing
  9144 | D:7      | Noticed a red ugly thing
  9170 | D:7      | Killed a red ugly thing
  9171 | D:7      | Reached skill level 4 in Evocations
  9543 | D:7      | Found a stormy altar of Qazlal.
  9669 | D:7      | Found a sparkling altar of Nemelex Xobeh.
  9821 | D:8      | Found a radiant altar of Vehumet.
  9838 | D:8      | Became a worshipper of Vehumet
 10705 | D:8      | Noticed a boulder beetle
 10708 | D:8      | Noticed a cyan ugly thing
 10721 | D:8      | Killed a boulder beetle
 10722 | D:8      | Reached skill level 7 in Spellcasting
 10722 | D:8      | Reached XP level 11. HP: 72/72 MP: 16/21
 10855 | D:8      | Noticed a green ugly thing
 10858 | D:8      | Noticed a faun
 10864 | D:8      | a faun changed into a redback
 11114 | D:8      | Identified the +0 fire dragon scales of Gravity {rElec rF++
                  | rC- rN+ Dex-2}
 11126 | D:8      | Noticed a skyshark
 11133 | D:8      | Reached skill level 10 in Fire Magic
 11148 | D:8      | Gained mutation: You occasionally lose the ability to read
                  | scrolls when taking damage. [potion of mutation]
 11148 | D:8      | Gained mutation: Armour fits poorly on your strangely
                  | shaped body. [potion of mutation]
 11148 | D:8      | Gained mutation: You expend magic power (3 MP) to
                  | strengthen your wands. [potion of mutation]
 11168 | D:8      | HP: 6/62 [skyshark (shapeshifter) (11)]
 11395 | D:8      | Reached skill level 5 in Throwing
 11395 | D:8      | Reached skill level 5 in Evocations
 11396 | D:8      | Slain by a slime creature

Vanquished Creatures
  A boulder beetle (D:8)
  Pikel (D:5)
  An ugly thing (D:7)
  Grinder (D:3)
  Sigmund (D:2)
  5 yaks
  Eustachio (D:6)
  A wyvern (D:7)
  Menkaure (D:6)
  2 water moccasins
  A black bear (D:7)
  An ice beast (D:6)
  2 sky beasts (D:7)
  2 ogres (D:6)
  A lemure (D:5)
  A phantom (D:5)
  A kobold brigand (D:5)
  Blork the orc (D:5)
  4 bullfrogs
  A scorpion (D:5)
  3 wights (D:8)
  11 killer bees
  5 howler monkeys
  2 jellies (D:4)
  2 gnoll boudas (D:5)
  5 hounds
  Crazy Yiuf (D:2)
  4 orc priests
  A sleepcap (D:6)
  Terence (D:3)
  3 iguanas
  6 orc wizards
  27 gnolls (D:5)
  4 adders
  2 white imps
  2 worms
  A dart slug (D:1)
  49 orcs
  7 endoplasms
  2 giant cockroaches (D:1)
  6 hobgoblins
  12 jackals
  11 kobolds
  7 ball pythons
  7 bats
  A frilled lizard (D:3)
  8 goblins
  7 rats
  A butterfly (D:6)
228 creatures vanquished.

Vanquished Creatures (collateral kills)
  2 foxfires (D:5)
2 creatures vanquished.

Vanquished Creatures (others)
  571 foxfires
  2 plants (D:5)
573 creatures vanquished.

Grand Total: 803 creatures vanquished

Table legend: (Time is in decaauts)
 A = Elapsed time spent in this place.
 B = Non-inter-level travel time spent in this place.
 C = Inter-level travel time spent in this place.
 D = Time resting spent in this place.
 E = Time spent auto-exploring this place.
 F = Levels seen in this place.
 G = Mean time per level.
                   A        B        C        D        E       F      G
               +--------+--------+--------+--------+--------+-----+--------+
         Total |  11468 |  11296 |    172 |    552 |   8804 |   9 | 1274.2 |
       Dungeon |  11328 |  11166 |    162 |    552 |   8684 |   8 | 1416.0 |
        Temple |    139 |    129 |     10 |      0 |    120 |   1 |  139.0 |
               +--------+--------+--------+--------+--------+-----+--------+

Top non-repeatable levels by time:
     D:5: 2828 daAuts
     D:8: 1579 daAuts
     D:7: 1517 daAuts
     D:3: 1373 daAuts
     D:6: 1191 daAuts
     D:1: 1096 daAuts
     D:4: 996 daAuts
     D:2: 743 daAuts
  Temple: 139 daAuts

Table legend:
 A = Non-vault XP
 B = Vault XP
 C = Vault XP percentage of total XP
 D = Non-vault monster count
 E = Vault monster count
 F = Vault count percentage of total count
                 A         B        C        D         E       F
            +---------+---------+-------+---------+---------+-------
      Total |    5214 |    3594 |  40.8 |     157 |      69 |  30.5
            +---------+---------+-------+---------+---------+-------
        D:1 |      43 |       3 |   6.5 |      25 |       2 |   7.4
        D:2 |      40 |     282 |  87.6 |      19 |       2 |   9.5
        D:3 |      83 |     326 |  79.7 |      14 |       2 |  12.5
        D:4 |     222 |       0 |   0.0 |      15 |       0 |   0.0
        D:5 |    1249 |    1574 |  55.8 |      26 |      57 |  68.7
        D:6 |     722 |     389 |  35.0 |      15 |       4 |  21.1
        D:7 |    1796 |       0 |   0.0 |      21 |       0 |   0.0
        D:8 |    1059 |    1020 |  49.1 |      22 |       2 |   8.3
            +---------+---------+-------+---------+---------+-------
